 Dungeon Crawl Stone Soup version 0.31-a0-219-g8d62b2e7bb (webtiles) character file.

Game seed: 4111669267729476202

212 pokeman the Magician (level 5, -1/30 HPs)
             Began as a Deep Elf Hedge Wizard on July 3, 2023.
             Slain by a scorpion (7 damage)
             ... on level 4 of the Dungeon.
             The game lasted 00:04:44 (3183 turns).

pokeman the Magician (Deep Elf Hedge Wizard)        Turns: 3183, Time: 00:04:44

Health: -1/30      AC:  3    Str:  7    XL:     5   Next: 58%
Magic:  6/15       EV: 12    Int: 24    God:
Gold:   86         SH:  5    Dex: 14    Spells: 8/16 levels left

rFire   . . .        o - +6 trident of Vaef Uli {freeze, rPois rN+ rCorr Int+3}
rCold   . . .        (no shield)
rNeg    + . .        b - +0 robe
rPois   +            c - +0 hat
rElec   .            n - +0 cloak
rCorr   +            (no gloves)
SInv    .            (no boots)
Will    .....        q - amulet of reflection
Stlth   ++           (no ring)
HPRegen 0.25/turn    (no ring)
MPRegen 0.14/turn

%: reflection
@: very slightly contaminated
A: no striking features
a: no special abilities


You were on level 4 of the Dungeon.
You visited 1 branch of the dungeon, and saw 5 of its levels.

You collected 132 gold pieces.
You spent 46 gold pieces at shops.

Inventory:

Hand Weapons
 o - the +6 trident of Vaef Uli (weapon) {freeze, rPois rN+ rCorr Int+3}
   (You found it on level 2 of the Dungeon)

   Int:       It affects your intelligence (+3).
   rPois:     It protects you from poison.
   rN:        It protects you from negative energy.
   rCorr:     It protects you from acid and corrosion.
Armour
 b - a +0 robe (worn)
 c - a +0 hat (worn)
 n - a +0 cloak (worn)
Jewellery
 q - an amulet of reflection (around neck)
 r - a +4 ring of protection
Scrolls
 a - 2 scrolls of blinking {unknown}
 g - a scroll of poison {unknown}
 h - 5 scrolls of immolation {unknown}
 i - a scroll of vulnerability {unknown}
 j - 3 scrolls of amnesia {unknown}
 k - a scroll of fog {unknown}
 l - a scroll of enchant weapon {unknown}
 m - a scroll of silence {unknown}
 p - a scroll of enchant armour {unknown}
 s - a scroll of fear {unknown}
 t - a scroll of revelation {unknown}
 u - a scroll of brand weapon {unknown}
 v - a scroll of noise {unknown}
Potions
 d - a potion of magic
 e - a potion of might {unknown}
 f - a potion of curing {unknown}


   Skills:
 + Level 1.7 Fighting
 + Level 1.7 Armour
 - Level 2.4 Dodging
 - Level 2.4 Stealth
 * Level 6.4 Spellcasting
 + Level 2.7 Conjurations
 - Level 1.1 Summonings
 - Level 1.1 Translocations


You had 8 spell levels left.
You knew the following spells:

 Your Spells              Type           Power      Damage    Failure   Level
a - Magic Dart            Conj           84%        1d7       2%          1
b - Mephitic Cloud        Conj/Pois/Air  12%        N/A       16%         3
c - Call Imp              Summ           26%        N/A       8%          2
d - Blink                 Tloc           26%        N/A       8%          2

Your spell library contained the following spells:

 Spells                   Type           Power      Damage    Failure   Level
 Momentum Strike          Conj/Tloc      34%        3d8       5%          2
 Slow                     Hex            28%        N/A       8%          1
 Lesser Beckoning         Tloc           26%        N/A       8%          2
 Cigotuvi's Dreadful Rot  Necr/Pois/Air  14%        N/A       12%         2
 Confusing Touch          Hex            7%         N/A       22%         3
 Vampiric Draining        Necr           7%         2d6       22%         3


Dungeon Overview and Level Annotations

Branches:
Dungeon (5/15)
 Temple: D:4-7

Altars:
Kikubaaqudgha
Ru

Shops:
D:5 :(*(

Annotations:
D:5 2 runed translucent doors


Message History

A scorpion comes into view.
You block the giant cockroach's attack. The scorpion closely misses you.
You hit the giant cockroach. You freeze the giant cockroach.
You kill the giant cockroach!
You block the scorpion's attack.
Casting: Mephitic Cloud (quite dangerous; 16% risk of failure)
Confirm with . or Enter, or press ? or * to list all spells.
The spell is quite dangerous to miscast (16% risk of failure)!
Continue anyway?
Aiming: Mephitic Cloud (quite dangerous; 16% risk of failure)
Press: ? - help, Shift-Dir - straight line, f - scorpion
Aim: a scorpion (chance to affect: 81%)
You miscast Mephitic Cloud.
You are very lightly contaminated with residual magic.
A wave of violent energy washes through your body!
The scorpion closely misses you. The scorpion barely misses you.
Unknown command.
Casting: Mephitic Cloud (quite dangerous; 16% risk of failure)
Confirm with . or Enter, or press ? or * to list all spells.
The spell is quite dangerous to miscast (16% risk of failure)!
Continue anyway?
Aiming: Mephitic Cloud (quite dangerous; 16% risk of failure)
Press: ? - help, Shift-Dir - straight line, f/p - scorpion
Aim: a scorpion (chance to affect: 81%)
You miscast Mephitic Cloud.
You are blasted with magical energy!
The scorpion stings you.
* * * LOW HITPOINT WARNING * * *
Unknown command.
Unknown command.
Casting: Mephitic Cloud (quite dangerous; 16% risk of failure)
Confirm with . or Enter, or press ? or * to list all spells.
The spell is quite dangerous to miscast (16% risk of failure)!
Continue anyway?
Aiming: Mephitic Cloud (quite dangerous; 16% risk of failure)
Press: ? - help, Shift-Dir - straight line, f/p - scorpion
Aim: a scorpion (chance to affect: 81%)
The ball explodes into a vile cloud!
The stinking cloud engulfs the scorpion but does no damage.
The stinking cloud engulfs you but does no damage.
You hear a shout!
You hear an angry hiss.
You hear a shout!
The scorpion is engulfed in noxious fumes.
The scorpion stings you!
You die...

.# ... .# .. .# ..
##########.# ##^ #......##..
.. #.####.##.# .#
######.####.##.###ā—‹#
.......#.......)@sā€ #
>....#.#.##.#####ā˜¼ā—‹.$....
.###.#.# #.# #.####.##
.###.#.. ..# #[#
...#.######## ... ##.#.# #..
##.#.# #?.. .....# ....
##>#.#


You could see a scorpion.

Vanquished Creatures
  2 hounds (D:5)
  An orc wizard (D:3)
  3 iguanas
  An adder (D:2)
  A dart slug (D:1)
  5 orcs
  4 bats
  An endoplasm (D:1)
  3 giant cockroaches
  A goblin (D:1)
  2 hobgoblins
  2 jackals (D:1)
  3 kobolds
  4 quokkas
  4 ball pythons
  2 frilled lizards (D:1)
  2 rats
41 creatures vanquished.

Notes
Turn   | Place    | Note
-------+----------+-------------------------------------------
     0 | D:1      | pokeman the Deep Elf Hedge Wizard began the quest for the
                  | Orb.
     0 | D:1      | Reached XP level 1. HP: 10/10 MP: 7/7
   305 | D:1      | Reached XP level 2. HP: 16/16 MP: 0/9
   878 | D:1      | Reached skill level 5 in Spellcasting
  1466 | D:2      | Reached XP level 3. HP: 20/20 MP: 9/11
  1470 | D:2      | Learned a level 3 spell: Mephitic Cloud
  1473 | D:2      | Learned a level 2 spell: Call Imp
  1476 | D:2      | Learned a level 2 spell: Blink
  1667 | D:2      | Found an ancient bone altar of Kikubaaqudgha.
  1675 | D:2      | Identified the +6 trident of Vaef Uli {freeze, rPois rN+
                  | rCorr Int+3}
  2328 | D:3      | Reached skill level 1 in Armour
  2442 | D:3      | Reached skill level 1 in Fighting
  2530 | D:3      | Reached XP level 4. HP: 25/25 MP: 5/13
  2604 | D:3      | Found a sacrificial altar of Ru.
  2605 | D:3      | You fall into a shaft and drop 2 floors!
  2605 | D:5      | Entered Level 5 of the Dungeon
  2636 | D:5      | Noticed a +0 dagger
  2637 | D:5      | Noticed a +0 dagger
  2637 | D:5      | Noticed a +0 short sword
  2639 | D:5      | Found Kykhlettu's Weapon Shop.
  2701 | D:5      | Found a runed translucent door.
  2704 | D:5      | Noticed a scorpion
  2704 | D:5      | Noticed a scorpion
  2707 | D:5      | Noticed a scorpion
  2709 | D:5      | Noticed a scorpion
  2724 | D:5      | Found a runed translucent door.
  2771 | D:5      | Found Xidefecs's Weapon Emporium.
  2772 | D:5      | Found Wiudwur's Assorted Antiques.
  2781 | D:5      | Bought a scroll labelled EPNAOSANAT for 23 gold pieces
  2781 | D:5      | Bought a scroll labelled RACHUO ZICODGH for 23 gold pieces
  2974 | D:5      | Found Penwulia's Book Boutique.
  3001 | D:5      | Reached skill level 6 in Spellcasting
  3001 | D:5      | Reached XP level 5. HP: 26/29 MP: 4/15
  3109 | D:5      | Noticed a +0 spear
  3110 | D:5      | Noticed a +0 falchion
  3111 | D:5      | Noticed a +0 falchion
  3112 | D:5      | Noticed a +0 spear
  3112 | D:5      | Noticed a black bear
  3112 | D:5      | Noticed a +0 short sword
  3183 | D:4      | Slain by a scorpion

Illustrated notes

Levels and vault maps discovered:
D:1:      sevenhm_arrival_forest_fort_large_2, layout_rooms,
          supply_closet_lemuel
D:2:      layout_basic, basic_altar
D:3:      layout_loops_ring, kennysheep_okawaru_gauntlet,
          nicolae_ru_sacrificial_ziggurat, mainiacjoe_overflow_small_starburst,
          nicolae_shop_vocational
D:4:      layout_loops_cross, lemuel_tele_altar,
          grunt_dithmenos_smoke_and_mirrors, mainiacjoe_overflow_alcove_4,
          minmay_temple_entry_sparse_star
D:5:      lemuel_insect_pit, layout_loops_ring, nicolae_uskayaw_en_pointe,
          nemelex_spade_bored_becter, serial_shops,
          nicolae_shop_window_shopping, nicolae_shop_crystal, shop,
          nicolae_shop_temple_entry_statues_fountains, shop_fountains,
          nicolae_fountain_basement, uniq_sigmund

Skill      XL: |  1  2  3  4 |
---------------+-------------+-----
Spellcasting   | 5 6 |  6.4
Armour         | 1 |  1.7
Fighting       | 1 |  1.7
Conjurations   | 2 |  2.7
Dodging        | |  2.4
Stealth        | |  2.4
Summonings     | |  1.1
Translocations | |  1.1

Action                     |  1- 3 |  4- 6 || total
---------------------------+-------+-------++-------
  Melee: Dagger            |     6 |       ||     6
         Trident           |    11 |    15 ||    26
   Cast: Magic Dart        |    97 |    15 ||   112
         Mephitic Cloud    |     3 |     5 ||     8
   Stab: Confused          |       |     3 ||     3
 Armour: Robe              |     5 |     1 ||     6
  Dodge: Dodged            |    17 |     8 ||    25
  Block: Other             |       |     4 ||     4

Table legend: (Time is in decaauts)
 A = Elapsed time spent in this place.
 B = Non-inter-level travel time spent in this place.
 C = Inter-level travel time spent in this place.
 D = Time resting spent in this place.
 E = Time spent auto-exploring this place.
 F = Levels seen in this place.
 G = Mean time per level.
                   A        B        C        D        E       F      G
               +--------+--------+--------+--------+--------+-----+--------+
         Total |   3190 |   3087 |    103 |    154 |   2562 |   5 |  638.0 |
       Dungeon |   3190 |   3087 |    103 |    154 |   2562 |   5 |  638.0 |
               +--------+--------+--------+--------+--------+-----+--------+

Top non-repeatable levels by time:
     D:2: 1302 daAuts
     D:1: 1110 daAuts
     D:5: 512 daAuts
     D:3: 196 daAuts
     D:4: 69 daAuts
